 Dungeon Crawl Stone Soup version 0.17.1-3-g152610e (webtiles) character file.

13 Arkorax the Sneak (level 2, -1/11 HPs)
             Began as a Felid Conjurer on Apr 4, 2016.
             Slain by an adder skeleton (3 damage)
             ... on level 4 of the Dungeon.
             The game lasted 00:02:02 (688 turns).

Arkorax the Sneak (Felid Conjurer)                   Turns: 688, Time: 00:02:02

Health: -1/11      AC:  1    Str:  4    XL:     2   Next: 24%
Magic:  3/6        EV: 18    Int: 16    God:
Gold:   39         SH:  0    Dex: 16    Spells: 1 memorised, 4 levels left
                                        Lives:  0   Deaths: 0

rFire  . . .     SeeInvis +     (weapon unavailable)
rCold  . . .     Clarity  .     (armour unavailable)
rNeg   . . .     SustAt   .     (shield unavailable)
rPois  .         Gourm    .     (helmet unavailable)
rElec  .         Spirit   .     (cloak unavailable)
rCorr  .         Warding  .     (gloves unavailable)
rMut   .         Stasis   .     (boots unavailable)
MR     +....                    (no amulet)
Stlth  +++.......               (no ring)
                                (no ring)

@: very slightly contaminated, quick, somewhat resistant to hostile
enchantments, fairly stealthy
A: no armour, no weapons or thrown items, claws 1, fangs 3, see invisible,
carnivore 3, speed 1, magic resistance 1, shaggy fur 1, slow metabolism 1, sharp
paws
a: no special abilities


You were on level 4 of the Dungeon.
You were not hungry.

You visited 1 branch of the dungeon, and saw 4 of its levels.

You collected 39 gold pieces.

Inventory:

Jewellery
 h - an uncursed ring of protection from fire {unknown}
Scrolls
 d - a scroll of enchant weapon {unknown}
 e - a scroll of identify {unknown}
 f - a scroll of blinking {unknown}
 g - a scroll of recharging {unknown}
 i - a scroll of fog {unknown}
Books
 a - a book of Conjurations

   Spells                             Type                      Level
   a - Magic Dart                     Conjuration                  1
   b - Searing Ray                    Conjuration                  2
   c - Dazzling Spray                 Conjuration/Hexes            3
   d - Fulminant Prism                Conjuration/Hexes            4
   e - Iskenderun's Mystic Blast      Conjuration                  4
   f - Iskenderun's Battlesphere      Conjuration/Charms           5
Comestibles
 b - a meat ration


   Skills:
 - Level 2.6 Dodging
 + Level 4.1 Stealth
 - Level 2.0 Spellcasting
 - Level 3.6 Conjurations


You had 4 spell levels left.
You knew the following spells:

 Your Spells              Type           Power        Failure   Level  Hunger
a - Magic Dart            Conj           ##..         6%          1    #......


Dungeon Overview and Level Annotations

Branches:
Dungeon (4/15)
 Temple: D:4-7

Altars:
Sif Muna
Trog

Annotations:
D:4 Arkorax's ghost, weakling FeCj


Innate Abilities, Weirdness & Mutations

You cannot wear armour.
You are incapable of wielding weapons or throwing items.
You have sharp claws.
You have razor-sharp teeth.
You have supernaturally acute eyesight.
You are carnivorous and can eat meat at any time.
You cover ground quickly.
You are covered in fur (AC +1).
You have a slow metabolism.
Your sharp claws are effective at attacking unaware monsters.
You are resistant to hostile enchantments.


Message History

Unknown command.
Casting: Magic Dart
Confirm with . or Enter, or press ? or * to list all spells.
Aiming: Magic Dart
Press: ? - help, Shift-Dir - straight line, f/p - jackal
Aim: a jackal (moderately wounded)
The magic dart hits the jackal.
The jackal is heavily wounded.
The quokka barely misses you. The adder skeleton misses you.
Casting: Magic Dart
Confirm with . or Enter, or press ? or * to list all spells.
Aiming: Magic Dart
Press: ? - help, Shift-Dir - straight line, f - adder skeleton
Aim: an adder skeleton You miscast Magic Dart.
You are very lightly contaminated with residual magic.
Nothing appears to happen.
The quokka bites you.
* * * LOW HITPOINT WARNING * * *
The adder skeleton bites you.
You die...

.#.....#.%........# #
.##..#...#......#...#
####....##.....##..#
##.....#.......##
##.#.#.#..<.....#
#.r#.......#.....o
#h#####......###..
#.# ##....#### ##h#
###..Z@.# ###..#
#..h#r# h...##
#....#.h.# h####
#.#.##...#### ##
..... ##.....# . ..##
##...## ### ###..#
..# ###


You could see a quokka, a jackal and an adder skeleton.

Vanquished Creatures
  2 bats (D:1)
  A goblin (D:1)
  2 hobgoblins (D:1)
  2 kobolds (D:1)
  2 giant newts (D:1)
  3 rats (D:1)
12 creatures vanquished.

Notes
Turn   | Place    | Note
--------------------------------------------------------------
     0 | D:1      | Arkorax the Felid Conjurer began the quest for the Orb.
     0 | D:1      | Reached XP level 1. HP: 7/7 MP: 4/4
   294 | D:1      | Reached XP level 2. HP: 11/11 MP: 0/6
   417 | D:1      | Reached skill level 4 in Stealth
   580 | D:3      | Gained mutation: You are resistant to hostile enchantments. [potion of mutation]
   580 | D:3      | Gained mutation: You are dopey. (Int -2) [potion of mutation]
   580 | D:3      | Lost mutation: You are dopey. (Int -2) [potion of mutation]
   613 | D:4      | Noticed Arkorax's ghost (weakling FeCj)
   625 | D:4      | Found a deep blue altar of Sif Muna.
   632 | D:4      | Found a bloodstained altar of Trog.
   688 | D:4      | Slain by an adder skeleton

Action                   || total
-------------------------++-------
Melee: Unarmed           ||     4
 Cast: Magic Dart        ||    23
  Use: Potion            ||     2
  Eat: Chunk             ||     1
